 Dungeon Crawl Stone Soup version 0.27-a0-277-g024f7ef292 (webtiles) character file.

Game seed: 11139510404102770987

93 runemasterragnar the Vexing (level 4, 0/36 HPs)
             Began as a Deep Elf Arcane Marksman on Feb 7, 2021.
             Succumbed to an adder's poison
             ... on level 2 of the Dungeon.
             The game lasted 00:07:09 (2161 turns).

runemasterragnar the Vexing (DEAM)                  Turns: 2161, Time: 00:07:09

Health: 0/36       AC: 22    Str: 13    XL:     4   Next: 37%
Magic:  9/9        EV:  2    Int: 19    God:
Gold:   90         SH:  0    Dex: 15    Spells: 1/7 levels left

rFire    . . .     SeeInvis .   (no weapon)
rCold    . . .     Faith    .   (no shield)
rNeg     + + +     Spirit   .   (armour currently unavailable)
rPois    +         Reflect  .   (helmet currently unavailable)
rElec    .         Harm     .   (cloak currently unavailable)
rCorr    .         Rampage  .   (gloves currently unavailable)
Will     .....     NoTele   +   (boots currently unavailable)
Stlth    ++........             (no amulet)
HPRegen  0.12/turn              m - +6 ring of strength
MPRegen  0.11/turn              (no ring)

@: lethally poisoned (0 -> -1), tree-form (expiring)
A: no striking features
a: no special abilities


You were on level 2 of the Dungeon.
You were a tree.
You visited 1 branch of the dungeon, and saw 2 of its levels.

You collected 90 gold pieces.

Inventory:

Hand Weapons
 a - a +0 shortbow
 f - a +0 short sword of draining
 n - a +0 dagger of freezing
Missiles
 c - 21 poisoned darts (quivered)
 d - 27 arrows
Armour
 b - a +0 pair of boots (melded)
 e - a +0 robe
 k - a +0 leather armour (melded)
Jewellery
 m - a +6 ring of strength (left branch)
Scrolls
 g - a scroll of blinking {unknown}
 i - a scroll of amnesia {unknown}
 j - a scroll of teleportation {unknown}
Potions
 h - a potion of flight


   Skills:
 - Level 0.7 Fighting
 * Level 3.8 Bows
 + Level 2.9 Dodging
 + Level 1.6 Stealth
 + Level 2.2 Spellcasting
 * Level 5.0 Hexes
 * Level 1.3 Translocations


You had one spell level left.
You knew the following spells:

 Your Spells              Type           Power        Failure   Level
a - Corona                Hex            23%          1%          1
b - Slow                  Hex            21%          3%          2
c - Portal Projectile     Hex/Tloc       28%          13%         3

Your spell library contained the following spells:

 Spells                   Type           Power        Failure   Level
 Inner Flame              Hex/Fire       11%          17%         3
 Cause Fear               Hex            10%          21%         4
 Leda's Liquefaction      Hex/Erth       5%           50%         4


Dungeon Overview and Level Annotations

Branches:
Dungeon (2/15)

Altars:


Message History

* * * LOW HITPOINT WARNING * * *
You feel sick.
* * * LOW HITPOINT WARNING * * *
You feel sick.
* * * LOW HITPOINT WARNING * * *
You feel sick.
* * * LOW HITPOINT WARNING * * *
You feel sick.
* * * LOW HITPOINT WARNING * * *
You feel sick.
* * * LOW HITPOINT WARNING * * *
You feel sick.
* * * LOW HITPOINT WARNING * * *
You feel sick.
* * * LOW HITPOINT WARNING * * *
You feel sick.
* * * LOW HITPOINT WARNING * * *
You feel sick.
Your transformation is almost over.
You die...

# # # ### # # .(. #.###### # #(#
#....... #.# ######## #.# # #.#
#†# #♣# ##### #.# #### ...≈♣ #.#
#... ##≈≈≈≈≈≈≈≈....##.#
########... ≈≈≈≈P≈≈≈≈♣....##.#
#.....##...
≈≈≈≈≈≈≈≈≈♣....##.######.###.##.##
≈≈≈≈≈≈≈≈≈≈♣...##........# #....#
P≈≈≈≈≈≈≈≈≈≈♣..########..###.####
≈≈PP≈≈≈.≈≈.≈...# #......#


There were no monsters in sight!

Vanquished Creatures
  Robin (D:2)
  2 adders (D:2)
  A worm (D:2)
  6 dart slugs
  A giant cockroach (D:1)
  12 goblins
  8 hobgoblins
  2 bats (D:1)
  4 frilled lizards
  5 kobolds
  9 rats
51 creatures vanquished.

Vanquished Creatures (others)
  4 plants (D:2)
4 creatures vanquished.

Grand Total: 55 creatures vanquished

Notes
Turn   | Place    | Note
-------+----------+-------------------------------------------
     0 | D:1      | runemasterragnar the Deep Elf Arcane Marksman began the
                  | quest for the Orb.
     0 | D:1      | Reached XP level 1. HP: 11/11 MP: 5/5
   171 | D:1      | Reached XP level 2. HP: 16/16 MP: 4/6
   721 | D:1      | Reached skill level 1 in Stealth
   914 | D:1      | Reached XP level 3. HP: 18/20 MP: 6/8
   917 | D:1      | Learned a level 2 spell: Slow
   921 | D:1      | Learned a level 3 spell: Portal Projectile
  1739 | D:2      | Identified the +0 helmet of Veaghusk {Dex+4}
  1739 | D:2      | Noticed Robin
  1831 | D:2      | Reached skill level 1 in Translocations
  1838 | D:2      | Killed Robin
  1839 | D:2      | Reached skill level 5 in Hexes
  1839 | D:2      | Reached XP level 4. HP: 8/24 MP: 9/9
  2153 | D:2      | HP: 1/36 [poisoned by an adder]
  2161 | D:2      | Succumbed to an adder's poison

Illustrated notes

Levels and vault maps discovered:
D:1:      minmay_arrival_solitary_statue, layout_basic, feat_on_display
D:2:      layout_loops_ring, serial_bayou, serial_bayou_pond_a,
          serial_bayou_pond_b, serial_bayou_ford_a, serial_bayou_crossing,
          uniq_robin

Skill      XL: |  1  2  3 |
---------------+----------+-----
Bows           | 3 |  3.8
Spellcasting   | 2 |  2.2
Stealth        | 1 |  1.6
Translocations | 1 |  1.3
Hexes          | 5 |  5.0
Fighting       | |  0.7
Dodging        | |  2.9

Action                   |  1- 3 |  4- 6 || total
-------------------------+-------+-------++-------
Melee: Short sword       |    36 |     8 ||    44
       Unarmed           |     1 |    18 ||    19
 Fire: Shortbow          |    81 |     3 ||    84
Throw: Dart              |       |     3 ||     3
 Cast: Corona            |    38 |     1 ||    39
  Use: Potion            |     1 |     1 ||     2
       Scroll            |       |     1 ||     1
Armor: Robe              |     4 |       ||     4
       Leather armour    |     5 |       ||     5
       Skin              |     4 |    20 ||    24
Dodge: Dodged            |    40 |     7 ||    47

Table legend: (Time is in decaauts)
 A = Elapsed time spent in this place.
 B = Non-inter-level travel time spent in this place.
 C = Inter-level travel time spent in this place.
 D = Time resting spent in this place.
 E = Time spent auto-exploring this place.
 F = Levels seen in this place.
 G = Mean time per level.
                   A        B        C        D        E       F      G
               +--------+--------+--------+--------+--------+-----+--------+
         Total |   2178 |   2163 |     15 |    361 |   1346 |   2 | 1089.0 |
       Dungeon |   2178 |   2163 |     15 |    361 |   1346 |   2 | 1089.0 |
               +--------+--------+--------+--------+--------+-----+--------+

Top non-repeatable levels by time:
     D:1: 1346 daAuts
     D:2: 832 daAuts
